 Dungeon Crawl Stone Soup version 0.32-a0-470-g255bbe2f98 (webtiles) character file.

Game seed: 10281419333521135872

51 Kenran the Poker (level 3, 0/29 HPs)
             Began as a Minotaur Hedge Wizard on Feb 25, 2024.
             Was an Initiate of Gozag.
             Slain by a gnoll
             ... wielding a +0 spear
              (6 damage)
             ... on level 2 of the Dungeon.
             The game lasted 00:02:46 (1456 turns).

Kenran the Poker (Minotaur Hedge Wizard)            Turns: 1456, Time: 00:02:46

Health: 0/29       AC:  7    Str: 16    XL:     3   Next: 58%
Magic:  2/5        EV: 10    Int: 11    God:    Gozag
Gold:   191        SH:  0    Dex:  9    Spells: 5/6 levels left

rFire   . . .        j - +0 trident
rCold   . . .        (no shield)
rNeg    . . .        g - +0 ring mail
rPois   .            c - +0 hat
rElec   .            (no cloak)
rCorr   .            f - +0 pair of gloves
SInv    .            o - +0 pair of boots
Will    .....        (no amulet)
Stlth   +            (no ring)
HPRegen 0.24/turn    (no ring)
MPRegen 0.09/turn

%: no passive effects
@: very slightly contaminated
A: horns 2, retaliatory headbutt
a: Renounce Religion, Potion Petition, Call Merchant, Bribe Branch


You were on level 2 of the Dungeon.
You worshipped Gozag.
Gozag was aware of your devotion.
You visited 1 branch of the dungeon, and saw 2 of its levels.

You collected 191 gold pieces.

Inventory:

Hand Weapons
 j - a +0 trident (weapon)
Armour
 c - a +0 hat (worn)
 f - a +0 pair of gloves (worn)
 g - a +0 ring mail (worn)
 o - a +0 pair of boots (worn)
Scrolls
 b - a scroll of teleportation {unknown}
 e - a scroll of vulnerability {!r}
 p - a scroll of revelation {unknown}
 q - a scroll of enchant armour {unknown}
Potions
 a - a potion of curing {unknown}
 d - a potion of magic
 h - a potion of berserk rage {unknown}
 i - a potion of attraction {unknown}
 l - a potion of might {unknown}
 m - a potion of lignification {unknown}
 n - a potion of invisibility {unknown}


   Skills:
 - Level 2.0 Fighting
 - Level 2.1 Maces & Flails
 + Level 2.3 Polearms
 - Level 2.1 Dodging
 - Level 1.5 Stealth
 - Level 2.1 Spellcasting
 - Level 0.6 Conjurations
 - Level 0.6 Summonings
 - Level 0.6 Translocations


You had 5 spell levels left.
You knew the following spells:

 Your Spells              Type           Power      Damage    Failure   Level
a - Magic Dart            Conj           8%         1d3       41%         1

Your spell library contained the following spells:

 Spells                   Type           Power      Damage    Failure   Level
 Slow                     Hex            4%         N/A       50%         1
 Blink                    Tloc           4%         N/A       54%         2
 Call Imp                 Summ           4%         N/A       54%         2
 Cigotuvi's Dreadful Rot  Necr/Alch/Air  2%         N/A       63%         2
 Sublimation of Blood     Necr           1%         N/A       63%         2
 Volatile Blastmotes      Fire/Tloc      2%         2d10      82%         3
 Mephitic Cloud           Conj/Alch/Air  1%         N/A       83%         3
 Fulminant Prism          Conj/Alch      0%         3d5       99%         4
 Iskenderun's Mystic Bla  Conj/Tloc      2%         2d3       99%         4
 Petrify                  Alch/Erth      1%         N/A       99%         4
 Irradiate                Conj/Alch      0%         3d11      100%        5


Dungeon Overview and Level Annotations

Branches:
Dungeon (2/15)

Altars:
Gozag


Innate Abilities, Weirdness & Mutations

You have a pair of horns on your head.
You reflexively headbutt those who attack you in melee.


Message History

Aim: a gnoll, wielding a +0 spear (severely wounded, 100% to hit)
The magic dart hits the gnoll but does no damage.
The gnoll is severely wounded.
The gnoll hits you but does no damage.
Aiming: Magic Dart (safe; 41% risk of failure)
Press: ? - help, Q - select action, (/) - cycle Shift-Dir - straight line, f/p - gnoll
Aim: a gnoll, wielding a +0 spear (severely wounded, 100% to hit)
The magic dart hits the gnoll.
The gnoll is severely wounded.
The gnoll hits you from afar with a +0 spear.
Reach: j) +0 trident
Press: ? - help, Dir - move target, f/p - gnoll
Aim: a gnoll, wielding a +0 spear (severely wounded, about 42% to evade your +0 trident)
You reach to attack!
You hit the gnoll.
The gnoll is severely wounded.
The gnoll hits you from afar with a +0 spear.
Reach: j) +0 trident
Press: ? - help, Dir - move target, f/p - gnoll
Aim: a gnoll, wielding a +0 spear (severely wounded, about 42% to evade your +0 trident)
You reach to attack!
You closely miss the gnoll.
The gnoll is severely wounded.
The gnoll hits you from afar with a +0 spear.
* * * LOW HITPOINT WARNING * * *
Okay, then.
Okay, then.
An adder comes into view.
The air fills with toxic fumes!
As you read the scroll of poison {!r}, it crumbles to dust.
The gnoll hits you from afar with a +0 spear.
* * * LOW HITPOINT WARNING * * *
Reach: j) +0 trident
Press: ? - help, Dir - move target, f/p - gnoll
Aim: a gnoll, wielding a +0 spear (severely wounded, about 42% to evade your +0 trident)
You reach to attack!
You hit the gnoll.
The gnoll is almost dead.
The gnoll hits you from afar with a +0 spear.
* * * LOW HITPOINT WARNING * * *
The gnoll hits you from afar with a +0 spear.
You die...
Your body crumbles into a pile of gold.

...#.......#####...## #....#..##
.........### ###....###....#..##
.........#####...#....§....#...#
.###.................§§####..#..
###............##..§§§.....#...
#.............####.§§§§.........
.............ggg..§§§§§.........
#(###.#....######g§§§###...##...
#. #...g...###§@§§§§§§§....##...
#....§§§§§§§§§§§§§§§..#.##...
#.#..§#§§§§§§§§§§§§§.........
#......##§§§§§§§§§§§§§§.......~~
.....##.§§§§§§§S§§§ß§§ß.##~~~~~≈
#.......§§§§§§§§§§§ß§§ß~~~~≈≈≈≈≈
.~~~~##.§§§§§§§§§§§§§§§~≈≈≈≈≈≈≈~
g~ ≈~~~.##§§§§§§§§§§§§§≈≈≈≈~~~~~
. ≈≈~~~~###~~~~≈≈≈..≈≈~~~~##..


You could see a gnoll and an adder.

Vanquished Creatures
  An adder (D:2)
  A dart slug (D:2)
  A ribbon worm (D:2)
  4 ball pythons
  3 bats (D:1)
  5 endoplasms
  4 hobgoblins
  4 jackals (D:1)
  2 quokkas
  5 frilled lizards
  2 goblins (D:1)
  2 kobolds
  2 rats (D:1)
36 creatures vanquished.

Notes
Turn   | Place    | Note
-------+----------+-------------------------------------------
     0 | D:1      | Kenran the Minotaur Hedge Wizard began the quest for the
                  | Orb.
     0 | D:1      | Reached XP level 1. HP: 14/14 MP: 2/2
     6 | D:1      | Noticed a swamp worm
     6 | D:1      | Noticed a mana viper
     6 | D:1      | Noticed a redback
     7 | D:1      | Noticed a black bear
     7 | D:1      | Noticed a hog
   112 | D:1      | Reached skill level 1 in Maces & Flails
   170 | D:1      | Found a faded altar of an unknown god.
   183 | D:1      | Reached skill level 1 in Fighting
   191 | D:1      | Reached XP level 2. HP: 22/23 MP: 4/4
   211 | D:1      | Prayed at the altar of an unknown god.
   211 | D:1      | Became a worshipper of Gozag Ym Sagoz the Greedy
  1188 | D:2      | Reached XP level 3. HP: 29/29 MP: 5/5
  1202 | D:2      | Reached skill level 1 in Polearms
  1366 | D:2      | Identified the +1 dagger of the Disturbing Ears {flame,
                  | *Slow rPois Will+ rCorr}
  1456 | D:2      | Slain by a gnoll

Illustrated notes

Levels and vault maps discovered:
D:1:      onia_arrival_zoo_common, layout_loops_corners,
          ebering_ecumenical_altar_sacrificial, minmay_pentomino_u2
D:2:      wander_river, layout_rooms

Skill      XL: |  1  2  3 |
---------------+----------+-----
Maces & Flails | 1 2 |  2.1
Fighting       | 1 2 |  2.0
Polearms       | 2 |  2.3
Dodging        | |  2.1
Stealth        | |  1.5
Spellcasting   | |  2.1
Conjurations   | |  0.6
Summonings     | |  0.6
Translocations | |  0.6

Action                     || total
---------------------------++-------
  Melee: Mace              ||    33
         Headbutt          ||     8
         Trident           ||    60
   Cast: Magic Dart        ||     2
    Use: Scroll            ||     4
   Stab: Sleeping          ||     1
 Armour: Ring mail         ||    51
         Robe              ||     5
  Dodge: Dodged            ||    46

Table legend: (Time is in decaauts)
 A = Elapsed time spent in this place.
 B = Non-inter-level travel time spent in this place.
 C = Inter-level travel time spent in this place.
 D = Time resting spent in this place.
 E = Time spent auto-exploring this place.
 F = Levels seen in this place.
 G = Mean time per level.
                   A        B        C        D        E       F      G
               +--------+--------+--------+--------+--------+-----+--------+
         Total |   1488 |   1430 |     58 |     58 |   1007 |   2 |  744.0 |
       Dungeon |   1488 |   1430 |     58 |     58 |   1007 |   2 |  744.0 |
               +--------+--------+--------+--------+--------+-----+--------+

Top non-repeatable levels by time:
     D:1: 1162 daAuts
     D:2: 326 daAuts
